 Dungeon Crawl Stone Soup version 0.20.1-1-g8b1a95d (webtiles) character file.

11732 Monsterracer the Quickloader (level 12, -5/73 HPs)
             Began as a Kobold Hunter on Aug 12, 2017.
             Was a High Priest of Dithmenos.
             Slain by a minotaur
             ... wielding the +10 short sword of Sudden Death {holy, +Rage MR+}
              (16 damage)
             ... in a labyrinth on Aug 13, 2017.
             The game lasted 00:44:09 (15852 turns).

Monsterracer the Quickloader (Kobold Hunter)       Turns: 15852, Time: 00:44:10

Health: -5/73      AC: 10    Str: 14    XL:     12   Next: 11%
Magic:  7/16       EV: 20    Int: 12    God:    Dithmenos [*****.]
Gold:   252        SH:  0    Dex: 19    Spells: 8/11 levels left

rFire    x . .     SeeInvis .   b - +0 rapier
rCold    . . .     Gourm    .   (shield restricted)
rNeg     + + +     Faith    .   m - +3 leather armour of Uciunuag {rC- Str+3 Stlth+}
rPois    ∞         Spirit   .   k - +1 helmet
rElec    .         Reflect  .   (no cloak)
rCorr    +         Harm     +   s - +1 pair of gloves
MR       +++++     Clarity  +   (no boots)
Stlth    ++++++++++             A - amulet of harm
Regen    0.3/turn               z - ring of resist corrosion
MPRegen  0.2/turn               F - ring of ice

@: shadow-form, wreathed by umbra, drained, invisible
A: carnivore 3, clarity
a: End Transformation, Shadow Step, Shadow Form, Renounce Religion


You were in a labyrinth.
You worshipped Dithmenos.
Dithmenos was extremely pleased with you.
You were full.
You were a swirling mass of dark shadows.
You visited 2 branches of the dungeon, and saw 12 of its levels.
You also visited: Labyrinth.

You collected 616 gold pieces.
You spent 364 gold pieces at shops.

Inventory:

Hand Weapons
 a - a +0 arbalest of velocity
 b - a +0 rapier (weapon)
Missiles
 d - 68 bolts
Armour
 k - a +1 helmet (worn)
 m - the +3 leather armour of Uciunuag (worn) {rC- Str+3 Stlth+}
   (You found it on level 5 of the Dungeon)

   It affects your strength (+3).
   It makes you vulnerable to cold.
   It makes you more stealthy.
 s - a +1 pair of gloves (worn)
 B - a +2 scale mail of cold resistance
Jewellery
 z - a ring of resist corrosion (left hand)
 A - an amulet of harm (around neck)
 F - a ring of ice (right hand)
Wands
 j - a wand of acid (8/15)
 C - a wand of digging (12/24)
Scrolls
 e - a scroll of fear
 h - 3 scrolls of fog
 i - 2 scrolls of remove curse
 o - 3 scrolls of enchant weapon
 v - 4 scrolls of amnesia
 w - a scroll of magic mapping
 x - 3 scrolls of teleportation
 y - a scroll of blinking
 E - a scroll of identify
Potions
 c - 2 potions of might
 g - 2 potions of agility
 l - 4 potions of haste
 n - 2 potions of cancellation
 p - 3 potions of curing
 q - 2 potions of flight
 t - a potion of brilliance
 u - 3 potions of ambrosia
 D - a potion of berserk rage
 G - a potion of mutation
 H - 2 potions of heal wounds
Miscellaneous
 I - a phantom mirror
Comestibles
 f - 3 meat rations
 r - 5 royal jellies


   Skills:
 + Level 7.9(7.6) Fighting
 + Level 10.1(9.8) Short Blades
 * Level 12.2(11.8) Crossbows
 + Level 8.0(7.7) Dodging
 + Level 11.8(11.4) Stealth
 + Level 5.9(5.6) Invocations


You had 8 spell levels left.
You knew the following spells:

 Your Spells              Type           Power        Failure   Level  Hunger
a - Portal Projectile     Hex/Tloc       #.....       77%         3    ####...


Dungeon Overview and Level Annotations

Branches:
Dungeon (11/15)            Temple (0/1) D:5            Lair (1/6) D:11
    Orc (0/2) D:9

Altars:
Ashenzari
Dithmenos
Fedhas
Gozag
Hepliaklqana
Kikubaaqudgha
Nemelex Xobeh
Sif Muna
Trog
Xom
Zin

Shops:
D:6 %*%(?   D:8 (


Innate Abilities, Weirdness & Mutations

You are small and have problems with some larger weapons.
You are carnivorous and can eat meat at any time.
You possess an exceptional clarity of mind.


Message History

Huge Dmg: -43%(-31hp) hp: 14%(10hp)
You fail to use your ability.
You turn into a swirling mass of dark shadows.
You feel drained.
You fade into the shadows.
The minotaur shoots an arrow.
The arrow barely misses you.
b - a +0 rapier (weapon)
The minotaur shoots an arrow.
The arrow closely misses you.
You hit the minotaur but do no damage.
The minotaur unwields an uncursed longbow.
The minotaur wields an uncursed scorched short sword {holy}.
It softly glows with a divine radiance!
The minotaur misses you. The minotaur closely misses you.
You catch the helpless minotaur completely off-guard!
You puncture the minotaur!
The minotaur is lightly wounded.
You barely miss the minotaur.
The minotaur is lightly wounded.
Your shadow hits the minotaur but does no damage.
The minotaur hits you with an uncursed scorched short sword {holy}!!
You die...

# ## ## ###.# #
#... .. # .### #
.# # #.....
.#.#.#
#####.###.#.#.
#...#. ....
#####.. #########
#......§#8§8[8|8#
###.# #§§§WH...<#
#. .#.#8§8[8:8# #
###.######### ...
.## .. ##


You could see a minotaur.

Vanquished Creatures
  2 two-headed ogres
  The ghost of vomix the Severer, a novice MiBe of Trog (D:8)
  An unseen horror (D:10)
  Pikel (D:8)
  A centaur skeleton (D:11)
  A komodo dragon (D:11)
  A troll (D:9)
  Grinder (D:5)
  Prince Ribbit (D:8)
  A hippogriff (D:9)
  A wyvern (D:9)
  A vampire (D:10)
  7 yaks
  3 water moccasins
  Duvessa (D:5)
  3 slaves (D:8)
  3 orc warriors
  2 ice beasts
  3 sky beasts
  5 black bears
  2 eyes of draining
  2 phantoms
  2 centaurs
  8 ogres
  4 big kobolds
  7 bullfrogs
  A wyvern zombie (D:9)
  Dowan (D:5)
  3 scorpions
  A water moccasin skeleton (D:6)
  3 killer bees (D:9)
  2 howler monkeys
  2 bullfrog zombies
  5 crimson imps
  3 jellies
  A quasit (D:7)
  5 hounds
  2 centaur zombies
  6 orc priests
  2 gnoll shamans (D:5)
  An iguana (D:10)
  14 orc wizards
  6 worker ants
  A hound zombie (D:7)
  2 hound skeletons (D:11)
  37 gnolls
  10 adders
  A howler monkey skeleton (D:8)
  2 shadow imps (D:8)
  An adder zombie (D:7)
  2 adder skeletons (D:7)
  4 worms
  3 dart slugs
  5 leopard geckos
  36 orcs
  11 bats
  5 giant cockroaches
  4 goblins
  13 hobgoblins
  30 jackals
  8 quokkas
  A ball python (D:2)
  4 frilled lizards
  23 kobolds
  A quokka skeleton (D:7)
  4 rats
331 creatures vanquished.

Vanquished Creatures (others)
  A bullfrog (D:8)
  3 plants (D:11)
4 creatures vanquished.

Grand Total: 335 creatures vanquished

Notes
Turn   | Place    | Note
-------+----------+-------------------------------------------
     0 | D:1      | Monsterracer the Kobold Hunter began the quest for the Orb.
     0 | D:1      | Reached XP level 1. HP: 12/12 MP: 1/1
    55 | D:1      | Reached skill level 5 in Crossbows
   102 | D:1      | Reached XP level 2. HP: 16/18 MP: 2/2
   288 | D:1      | HP: 9/18 [goblin/dagger (3)]
   295 | D:1      | HP: 8/18 [goblin/dagger (2)]
   533 | D:1      | You fall through a shaft!
   640 | D:2      | Found an ancient bone altar of Kikubaaqudgha.
   712 | D:1      | Reached XP level 3. HP: 19/22 MP: 3/3
  1135 | D:2      | Found an opulent altar of Gozag.
  1311 | D:2      | HP: 11/23 [poisoned by a kobold]
  1319 | D:2      | HP: 10/23 [poisoned by a kobold]
  1524 | D:2      | Found a sparkling altar of Nemelex Xobeh.
  1893 | D:2      | Reached skill level 1 in Short Blades
  1937 | D:3      | Reached XP level 4. HP: 27/28 MP: 4/4
  2006 | D:3      | HP: 13/28 [orc wizard/magic dart (8)]
  2042 | D:2      | HP: 13/28 [adder (2)]
  2213 | D:2      | HP: 11/28 [orc wizard/magic dart (6)]
  2215 | D:2      | HP: 2/28 [orc wizard/magic dart (9)]
  2519 | D:3      | HP: 9/28 [orc wizard/magic dart (9)]
  2524 | D:3      | Reached XP level 5. HP: 11/32 MP: 5/5
  3270 | D:3      | HP: 16/32 [poisoned by an orc]
  3455 | D:3      | Reached XP level 6. HP: 29/37 MP: 6/6
  3649 | D:3      | Found a shadowy altar of Dithmenos.
  3652 | D:3      | Found a faded altar of an unknown god.
  3666 | D:3      | Became a worshipper of Dithmenos the Shadowed
  3858 | D:3      | Reached skill level 6 in Crossbows
  3894 | D:4      | Found a shimmering altar of Xom.
  4050 | D:3      | HP: 11/38 [orc wizard/puff of flame (10)]
  4058 | D:3      | HP: 8/38 [adder (1)]
  4059 | D:3      | HP: 2/38 [adder (4)]
  4426 | D:4      | HP: 16/38 [orc priest/divine providence (12)]
  4455 | D:5      | Entered Level 5 of the Dungeon
  4822 | D:4      | Reached * piety under Dithmenos
  5085 | D:4      | Noticed an ogre
  5097 | D:4      | Killed an ogre
  5097 | D:4      | Reached XP level 7. HP: 43/43 MP: 7/7
  5392 | D:5      | Gained mutation: You possess an exceptional clarity of mind. [mutagenic meat]
  5413 | D:5      | Noticed Dowan
  5415 | D:5      | Noticed Duvessa
  5469 | D:5      | Killed Duvessa
  5469 | D:5      | Reached skill level 5 in Short Blades
  5469 | D:5      | Reached skill level 7 in Crossbows
  5561 | D:5      | Killed Dowan
  5561 | D:5      | Reached skill level 5 in Stealth
  5561 | D:5      | Reached XP level 8. HP: 39/48 MP: 8/8
  5745 | D:5      | Noticed Grinder
  5748 | D:5      | Killed Grinder
  5806 | D:5      | Reached ** piety under Dithmenos
  5981 | D:5      | Got a steaming leather armour
  5995 | D:5      | Identified the +3 leather armour of Uciunuag {rC- Str+3 Stlth+} (You found it on level 5 of the Dungeon)
  6035 | D:5      | Reached skill level 5 in Fighting
  6156 | D:5      | Reached skill level 8 in Crossbows
  6173 | D:5      | Reached XP level 9. HP: 49/54 MP: 9/9
  6188 | D:5      | Reached skill level 1 in Invocations
  6351 | D:5      | Found a staircase to the Ecumenical Temple.
  6554 | D:5      | HP: 26/54 [gnoll/halberd (6)]
  6569 | D:5      | HP: 19/54 [gnoll/spear (4)]
  6574 | D:5      | Reached *** piety under Dithmenos
  7099 | D:5      | Found a hazy altar of Hepliaklqana.
  7109 | D:5      | Found a blossoming altar of Fedhas.
  7190 | D:6      | Identified a scroll of acquirement
  7392 | D:6      | Reached skill level 5 in Dodging
  7525 | D:6      | Found Plog's Food Shoppe.
  7772 | D:6      | Found Laguutauho's Weapon Boutique.
  7826 | D:6      | Found Qystiah's Assorted Antiques.
  7831 | D:6      | Bought a scroll of enchant armour for 210 gold pieces
  8068 | D:7      | Found a shattered altar of Ashenzari.
  8093 | D:6      | Found Difrargh's Magic Scroll Boutique.
  8100 | D:6      | Bought a scroll of fear for 49 gold pieces
  8100 | D:6      | Bought a scroll of blinking for 105 gold pieces
  8195 | D:6      | Found Qaopamab's Food Emporium.
  8198 | D:6      | Found a bloodstained altar of Trog.
  8240 | D:7      | Reached skill level 9 in Crossbows
  8730 | D:7      | Reached XP level 10. HP: 60/60 MP: 12/12
  8939 | D:7      | Reached **** piety under Dithmenos
  9134 | D:8      | Noticed a two-headed ogre
  9137 | D:8      | Killed a two-headed ogre
  9327 | D:7      | HP: 26/60 [orc wizard/magic dart (8)]
  9665 | D:8      | Reached skill level 10 in Crossbows
  9783 | D:8      | Found a glowing silver altar of Zin.
  9814 | D:8      | Noticed Prince Ribbit
  9835 | D:8      | Killed Prince Ribbit
  9900 | D:8      | Found Vuest's Antique Weapon Shop.
 10022 | D:8      | Reached skill level 10 in Stealth
 10488 | D:8      | Noticed Pikel
 10492 | D:8      | Killed Pikel
 10666 | D:8      | Noticed vomix's ghost (novice MiBe)
 10687 | D:8      | Killed vomix's ghost
 10687 | D:8      | Reached XP level 11. HP: 56/66 MP: 14/14
 10800 | D:8      | Reached ***** piety under Dithmenos
 10861 | D:9      | Found a staircase to the Orcish Mines.
 11319 | D:9      | Noticed a two-headed ogre
 11321 | D:9      | Killed a two-headed ogre
 11351 | D:9      | Reached skill level 11 in Crossbows
 11755 | D:9      | Found a deep blue altar of Sif Muna.
 11980 | D:9      | HP: 33/67 [poisoned by a water moccasin]
 11985 | D:9      | HP: 30/67 [poisoned by a water moccasin]
 11991 | D:9      | HP: 28/67 [poisoned by a water moccasin]
 11997 | D:9      | HP: 28/67 [poisoned by a water moccasin]
 12002 | D:9      | HP: 19/67 [poisoned by a water moccasin]
 12007 | D:9      | HP: 16/67 [poisoned by a water moccasin]
 12012 | D:9      | HP: 13/67 [poisoned by a water moccasin]
 12018 | D:9      | HP: 11/67 [poisoned by a water moccasin]
 12024 | D:9      | HP: 10/67 [poisoned by a water moccasin]
 12032 | D:9      | HP: 10/67 [poisoned by a water moccasin]
 12435 | D:10     | Entered Level 10 of the Dungeon
 12465 | D:10     | HP: 30/67 [troll (8)]
 12471 | D:9      | HP: 17/67 [troll (9)]
 12714 | D:9      | Reached skill level 5 in Invocations
 13030 | D:10     | HP: 31/67 [something (4)]
 13659 | D:10     | Killed an unseen horror
 13999 | D:11     | HP: 20/67 [yak (18)]
 14285 | D:10     | Reached skill level 12 in Crossbows
 14601 | D:11     | Reached skill level 10 in Short Blades
 14601 | D:11     | Reached XP level 12. HP: 73/73 MP: 16/16
 14657 | D:11     | Learned a level 3 spell: Portal Projectile
 14984 | D:11     | Found a staircase to the Lair.
 15410 | Lair:1   | Entered Level 1 of the Lair of Beasts
 15422 | Lair:1   | Found a labyrinth entrance.
 15435 | Lab      | Entered a labyrinth
 15839 | Lab      | Noticed a minotaur
 15845 | Lab      | HP: 10/73 [minotaur/arrow (31)]
 15852 | Lab      | Identified the +10 short sword of Sudden Death {holy, +Rage MR+}
 15852 | Lab      | Slain by a minotaur

Skill      XL: |  1  2  3  4  5  6  7  8  9 10 11 12 |
---------------+-------------------------------------+-----
Crossbows      | 5 6 7 8 9 10 12 | 12.2
Stealth        | 2 3 5 6 8 10 11 | 11.8
Fighting       | 3 4 5 6 7 |  7.9
Short Blades   | 1 2 3 4 5 6 8 9 10 | 10.1
Dodging        | 3 4 5 6 7 8 |  8.0
Invocations    | 2 4 5 |  5.9

Action                   |  1- 3 |  4- 6 |  7- 9 | 10-12 || total
-------------------------+-------+-------+-------+-------++-------
Melee: Short sword       |   108 |       |       |       ||   108
       Dagger            |    32 |   191 |   432 |   554 ||  1209
       Rapier            |       |       |       |    97 ||    97
 Fire: Hand crossbow     |    15 |    31 |    23 |       ||    69
       Arbalest          |       |       |    18 |    67 ||    85
Invok: Shadow Form       |       |       |       |     1 ||     1
  Use: Scroll            |       |     7 |    11 |     6 ||    24
       Potion            |       |     2 |       |       ||     2
 Stab: Sleeping          |     1 |     2 |    13 |    28 ||    44
       Distracted        |       |       |     1 |     2 ||     3
       Invisible         |       |       |       |     1 ||     1
  Eat: Chunk             |    12 |    10 |    12 |    20 ||    54
Armor: Leather armour    |    10 |       |    42 |   103 ||   155
       Ring mail         |    48 |    57 |    47 |       ||   152
Dodge: Dodged            |   130 |   135 |   330 |   519 ||  1114
